 Dungeon Crawl Stone Soup version 0.28.0-45-g0d030f2227 (webtiles) character file.

Game seed: 11676539005102427983

4 seaoflcl the Covered (level 1, -1/14 HPs)
             Began as a Tengu Fighter on Apr 24, 2022.
             Succumbed to a kobold's poison
             ... on level 1 of the Dungeon.
             The game lasted 00:00:10 (172 turns).

seaoflcl the Covered (Tengu Fighter)                 Turns: 172, Time: 00:00:10

Health: -1/14      AC:  6    Str: 16    XL:     1   Next: 60%
Magic:  2/2        EV:  8    Int:  8    God:
Gold:   7          SH:  4    Dex: 13    Spells: 0/0 levels left

rFire   . . .      SeeInvis .   a - +0 long sword
rCold   . . .      Faith    .   c - +0 buckler
rNeg    . . .      Spirit   .   b - +0 scale mail
rPois   .          Reflect  .   (helmet restricted)
rElec   .          Harm     .   (no cloak)
rCorr   .          Rampage  .   (no gloves)
Will    .....                   (boots unavailable)
Stlth   ..........              (no amulet)
HPRegen 0.04/turn               (no ring)
MPRegen 0.08/turn               (no ring)

@: lethally poisoned (-1 -> -12)
A: beak, talons 3
a: no special abilities


You were on level 1 of the Dungeon.
You visited 1 branch of the dungeon, and saw 1 of its levels.

You collected 7 gold pieces.

Inventory:

Hand Weapons
 a - a +0 long sword (weapon)
Armour
 b - a +0 scale mail (worn)
 c - a +0 buckler (worn)
Scrolls
 e - a scroll of fear {unknown}
 f - a scroll of vulnerability {unknown}
 h - a scroll of enchant armour {unknown}
Potions
 d - a potion of might
 g - a potion of degeneration {unknown}


   Skills:
 + Level 3.0 Fighting
 + Level 2.3 Long Blades
 + Level 3.3 Armour
 + Level 3.0 Shields


You couldn't memorise any spells.
You didn't know any spells.
Your spell library was empty.

Dungeon Overview and Level Annotations

Branches:
Dungeon (1/15)

Altars:


Innate Abilities, Weirdness & Mutations

You have a beak for a mouth.
You have claws for feet.


Message History

No target in view!
No target in view!
HP restored.
Found 22 sling bullets.
g - an orange potion
h - a scroll labelled XUEGGO ZODAAJ No target in view!
No target in view!
You now have 7 gold pieces.
A kobold comes into view. It is wielding a +0 short sword.
The kobold shouts!
The kobold throws a stone.
The stone hits you but does no damage.
A kobold is nearby!
The kobold throws a stone.
The stone hits you but does no damage.
A kobold comes into view. It is wielding a +2 dagger of venom.
The kobold barely misses you.
You closely miss the kobold.
The kobold shouts!
You peck the kobold.
The kobold is moderately wounded.
You hear an angry hiss.
The kobold hits you with a +0 short sword.
The kobold completely misses you.
You hear a shout!
You hear an angry hiss.
You hear a shout!
A rat comes into view.
The kobold throws a stone.
The stone closely misses you.
A bat comes into view.
The rat twitches its whiskers.
The kobold barely misses you.
You miss the kobold. The kobold closely misses you.
The kobold hits you with a +2 dagger of venom.
You are lethally poisoned!
You barely miss the kobold. Your kick misses the kobold.
* * * LOW HITPOINT WARNING * * *
You feel very sick. The kobold hits you but does no damage.
You hit the kobold. Your peck misses the kobold.
The kobold is moderately wounded.
You die...

##.###. #...####..#...
..... #........†..#
#.........#####).#.#
#..#####..# #..#.# #r.#
#..#####..#.## #.b#
##...##........ #..#
#..............
#.b#####...#.........
#rKK@......#.....#.##
#.###.###..##...##.##
..##.###.###............
P.....................##
..###########.##..###.#
#.##..###.# #.........#
####.###.## #... ..


You could see a bat, 2 kobolds and a rat.

Vanquished Creatures
  A dart slug (D:1)
  A goblin (D:1)
2 creatures vanquished.

Vanquished Creatures (others)
  A plant (D:1)
1 creature vanquished.

Grand Total: 3 creatures vanquished

Notes
Turn   | Place    | Note
-------+----------+-------------------------------------------
     0 | D:1      | seaoflcl the Tengu Fighter began the quest for the Orb.
     0 | D:1      | Reached XP level 1. HP: 14/14 MP: 2/2
   172 | D:1      | Succumbed to a kobold's poison

Illustrated notes

Levels and vault maps discovered:
D:1:      dpeg_arrival_tiny_j, layout_loops_ring,
          shapermc_ecumenical_altar_venn, serial_bayou_pond_b,
          kennysheep_minor_cross, grunt_decor_resistance, minmay_crystal_room

Action                   || total
-------------------------++-------
Melee: Long sword        ||     9
       Kick              ||     2
       Peck              ||     1
Armor: Scale mail        ||     4
Dodge: Dodged            ||     8
